 Dungeon Crawl Stone Soup version 0.27-a0-29-g2d0a2396b0 (webtiles) character file.

Game seed: 13636683055235864659

273 hehateme the Vexing (level 6, -3/36 HPs)
             Began as a Kobold Enchanter on Jan 4, 2021.
             Killed from afar by a white imp (12 damage)
             ... with a puff of frost
             ... on level 5 of the Dungeon.
             The game lasted 00:08:28 (6899 turns).

hehateme the Vexing (Kobold Enchanter)              Turns: 6899, Time: 00:08:28

Health: -3/36      AC:  2    Str:  8    XL:     6   Next: 48%
Magic:  11/11      EV: 15    Int: 16    God:
Gold:   262        SH:  0    Dex: 15    Spells: 8/11 levels left

rFire    . . .     SeeInvis .   a - +1 dagger
rCold    . . .     Faith    .   (shield restricted)
rNeg     . . .     Spirit   .   b - +0 robe
rPois    .         Reflect  .   (no helmet)
rElec    .         Harm     .   f - scarf {+Inv}
rCorr    .         Rampage  .   (no gloves)
Will     .....                  (no boots)
Stlth    ++++......             (no amulet)
HPRegen  0.12/turn              (no ring)
MPRegen  0.12/turn              (no ring)

@: no status effects
A: small, nightstalker 3
a: Evoke Invisibility


You were on level 5 of the Dungeon.
You visited 1 branch of the dungeon, and saw 5 of its levels.

You collected 262 gold pieces.

Inventory:

Hand Weapons
 a - a +1 dagger (weapon)
 t - a +0 hand crossbow
Missiles
 d - 45 bolts
 p - 48 sling bullets
 u - 50 stones (quivered)
 Q - 12 arrows
Armour
 b - a +0 robe (worn)
 c - a +0 cloak
 f - a scarf of invisibility (worn)
 v - a +0 pair of gloves of dexterity
 w - a +0 hat
Jewellery
 g - a +6 ring of strength {unknown}
Scrolls
 e - 6 scrolls of identify {unknown}
 h - a scroll of teleportation {unknown}
 j - 2 scrolls of magic mapping {unknown}
 k - 2 scrolls of enchant weapon {unknown}
 l - 2 scrolls of fear {unknown}
 n - a scroll of remove curse {unknown}
 s - 2 scrolls of noise {unknown}
Potions
 i - 2 potions of curing {unknown}
 m - a potion of mutation {unknown}
 o - a potion of lignification {unknown}
 q - a potion of flight {unknown}
 r - a potion of attraction {unknown}


   Skills:
 + Level 2.9 Fighting
 - Level 1.3 Short Blades
 - Level 2.4 Dodging
 - Level 4.0 Stealth
 - Level 3.3 Spellcasting
 * Level 5.0 Hexes
 + Level 1.8 Ice Magic


You had 8 spell levels left.
You knew the following spells:

 Your Spells              Type           Power        Failure   Level
a - Ensorcelled Hibernat  Hex/Ice        26%          7%          2
v - Corona                Hex            20%          2%          1

Your spell library contained the following spells:

 Spells                   Type           Power        Failure   Level
 Confusing Touch          Hex            18%          7%          3
 Tukima's Dance           Hex            18%          7%          3
 Dazzling Flash           Conj/Hex       20%          19%         3


Dungeon Overview and Level Annotations

Branches:
Dungeon (5/15)
 Temple: D:4-7

Altars:
Qazlal
Zin

Annotations:
D:1 exclusion: 2 jackals
D:2 exclusion: dart slug
D:4 exclusion: 3 gnolls


Innate Abilities, Weirdness & Mutations

You are small and have problems with some larger weapons.
You are completely attuned to the shadows.


Message History

You take 5 damage, and have 16/36 hp.
You hit the white imp. The white imp hits you.
* * * LOW HITPOINT WARNING * * *
The white imp freezes you.
* * * LOW HITPOINT WARNING * * *
You take 4 damage, and have 12/36 hp.
You closely miss the white imp.
The white imp hits you but does no damage.
You barely miss the white imp. The white imp barely misses you.
You hit the white imp but do no damage. The white imp barely misses you.
You hit the white imp but do no damage. The white imp hits you.
* * * LOW HITPOINT WARNING * * *
The white imp freezes you.
* * * LOW HITPOINT WARNING * * *
You take 4 damage, and have 9/36 hp.
You hit the white imp. The white imp misses you.
You hit the white imp but do no damage. The white imp gestures at you.
The puff of frost hits you!
You die...

... #..... #'# #####.
#.# #. #.# #. ##.## #.
####...## #. ##.......#
#.
.####...#....#########.
....!.@................
.####.5.####.##########
##..# #.# ##.# #.# ..
..

Skill      XL: |  1  2  3  4  5  6 |
---------------+-------------------+-----
Fighting       | 1 2 |  2.9
Spellcasting   | 3 |  3.3
Hexes          | 4 5 |  5.0
Ice Magic      | 1 |  1.8
Short Blades   | |  1.3
Dodging        | |  2.4
Stealth        | |  4.0

Notes
Turn   | Place    | Note
-------+----------+-------------------------------------------
     0 | D:1      | hehateme the Kobold Enchanter began the quest for the Orb.
     0 | D:1      | Reached XP level 1. HP: 10/10 MP: 3/3
   286 | D:1      | Reached XP level 2. HP: 16/16 MP: 5/5
   438 | D:1      | Learned a level 2 spell: Ensorcelled Hibernation
   882 | D:1      | Reached XP level 3. HP: 20/20 MP: 7/7
   906 | D:1      | Reached skill level 1 in Fighting
  2002 | D:2      | Reached skill level 3 in Spellcasting
  2042 | D:2      | Reached XP level 4. HP: 25/25 MP: 3/8
  2761 | D:3      | HP: 6/25 [poisoned by an adder]
  2768 | D:3      | HP: 5/25 [poisoned by an adder]
  3209 | D:3      | Reached skill level 4 in Hexes
  3398 | D:3      | Found a glowing silver altar of Zin.
  4092 | D:4      | Noticed an air elemental
  4093 | D:4      | Noticed an earth elemental
  4094 | D:4      | Found a stormy altar of Qazlal.
  4097 | D:4      | Noticed a fire elemental
  4219 | D:4      | Reached XP level 5. HP: 30/30 MP: 10/10
  4358 | D:4      | Reached skill level 2 in Fighting
  4626 | D:4      | Noticed a water elemental
  5451 | D:4      | Reached skill level 1 in Ice Magic
  6455 | D:4      | Reached XP level 6. HP: 21/36 MP: 8/11
  6663 | D:5      | Entered Level 5 of the Dungeon
  6680 | D:5      | Reached skill level 5 in Hexes
  6897 | D:5      | HP: 9/36 [white imp (2)]
  6899 | D:5      | Killed from afar by a white imp

Table legend: (Time is in decaauts)
 A = Elapsed time spent in this place.
 B = Non-inter-level travel time spent in this place.
 C = Inter-level travel time spent in this place.
 D = Time resting spent in this place.
 E = Time spent auto-exploring this place.
 F = Levels seen in this place.
 G = Mean time per level.
                   A        B        C        D        E       F      G
               +--------+--------+--------+--------+--------+-----+--------+
         Total |   6886 |   6671 |    215 |   2038 |   3799 |   5 | 1377.2 |
       Dungeon |   6886 |   6671 |    215 |   2038 |   3799 |   5 | 1377.2 |
               +--------+--------+--------+--------+--------+-----+--------+

Top non-repeatable levels by time:
     D:4: 2515 daAuts
     D:3: 1679 daAuts
     D:1: 1569 daAuts
     D:2: 887 daAuts
     D:5: 233 daAuts

Table legend:
 A = Kills in this place as a percentage of kills in entire the game.
 B = Kills by you in this place as a percentage of kills by you in the entire game.
 C = Kills by friends in this place as a percentage of kills by friends in the entire game.
 D = Other kills in this place as a percentage of other kills in the entire game.
 E = Experience gained in this place as a percentage of experience gained in the entire game.
 F = Experience gained in this place divided by the number of levels of this place that you have seen.
                   A       B       C       D       E      F
               +-------+-------+-------+-------+-------+----------------------
         Total | 100.0 | 100.0 |   N/A |   N/A | 100.0 |  78.0
       Dungeon | 100.0 | 100.0 |   N/A |   N/A | 100.0 |  78.0
               +-------+-------+-------+-------+-------+----------------------

Action                   |  1- 3 |  4- 6 || total
-------------------------+-------+-------++-------
Melee: Dagger            |   112 |   106 ||   218
Throw: Stone             |       |     2 ||     2
 Cast: Ensorcelled Hiber |     6 |    30 ||    36
       Corona            |       |     3 ||     3
 Stab: Sleeping          |    21 |    26 ||    47
Armor: Robe              |    21 |    10 ||    31
Dodge: Dodged            |    70 |    84 ||   154

Vanquished Creatures
  An orc priest (D:4)
  3 orc wizards (D:4)
  A worker ant (D:5)
  6 adders
  3 worms
  3 dart slugs
  7 orcs
  3 bats
  4 giant cockroaches
  4 goblins
  8 hobgoblins
  A jackal (D:1)
  4 kobolds
  2 ball pythons
  7 frilled lizards
  A leopard gecko skeleton (D:4)
  A quokka skeleton (D:4)
  10 rats
69 creatures vanquished. You could see a white imp.

Levels and vault maps discovered:
D:1:      wander_arrival_chamber, layout_loops_corners
D:2:      layout_loops_cross, kennysheep_slug_shrine, st_stairs_11
D:3:      layout_basic, zin_statuary
D:4:      layout_gridville, nicolae_qazlal_style_of_elements
D:5:      layout_loops_corners, grunt_temple_overflow_bloody_war,
          marbit_many_paths, lemuel_coloured_pillars_altar,
          lemuel_temple_firewalk_b, nemelex_dance_club_becter,
          uniq_prince_ribbit1
